 Dungeon Crawl Stone Soup version 0.31-a0-1101-g9ad1905e61 (webtiles) character file.

Game seed: 13874802607299790615

4498 kae the Sneak (level 10, 0/73 (74) HPs)
             Began as a Demonspawn Enchanter on Dec 1, 2023.
             Was an Initiate of Dithmenos.
             Slain by a wight
             ... wielding a +2 battleaxe of freezing
              (6 damage)
             ... on level 8 of the Dungeon.
             The game lasted 00:10:22 (8963 turns).

kae the Sneak (Demonspawn Enchanter)                Turns: 8963, Time: 00:10:22

HP:   0/73 (74)     AC: 12    Str:  8    XL:     10   Next: 16%
MP:   12/17         EV: 11    Int: 22    God:    Dithmenos [......]
Gold: 1631          SH:  5    Dex: 18    Spells: 0/18 levels left

rFire   . . .        a - +1 dagger
rCold   x . .        (no shield)
rNeg    + + .        x - +1 leather armour {Will+}
rPois   +            r - +0 helmet of Lilacs {Will++}
rElec   .            v - +0 cloak
rCorr   .            (no gloves)
SInv    .            (no boots)
Will    ++++.        p - amulet of reflection
Stlth   ++++         B - ring "Wiosku" {rPois rC- rN++ Will+}
HPRegen 3.32/turn    I - +6 ring of intelligence
MPRegen 0.15/turn

%: reflection
@: confusing by touch, sanguine armoured, lightly drained
A: hooves 2, powered by death 3, sanguine armour 1
a: Renounce Religion


You were on level 8 of the Dungeon.
You worshipped Dithmenos.
Dithmenos was noncommittal.
You visited 2 branches of the dungeon, and saw 9 of its levels.

You collected 1670 gold pieces.
You spent 39 gold pieces at shops.


Innate Abilities, Weirdness & Mutations

You have hoof-like feet.
You regenerate a lot of health from kills.
When seriously injured, your blood forms armour. (AC +6)


   Skills:
 + Level 5.0 Fighting
 * Level 6.5 Short Blades
 + Level 2.6 Armour
 - Level 1.7 Dodging
 * Level 7.7 Stealth
 + Level 4.9 Spellcasting
 + Level 5.7 Hexes
 - Level 5.0 Ice Magic


You couldn't memorise any spells.
You knew the following spells:

 Your Spells              Type           Power      Damage    Failure   Level
a - Ensorcelled Hibernat  Hex/Ice        58%        N/A       2%          2
b - Confusing Touch       Hex            30%        N/A       4%          3
c - Tukima's Dance        Hex            30%        N/A       4%          3
d - Dazzling Flash        Conj/Hex       36%        N/A       13%         3
e - Enfeeble              Hex            15%        N/A       100%        7

Your spell library contained the following spells:

 Spells                   Type           Power      Damage    Failure   Level
 Slow                     Hex            100%       N/A       1%          1
 Sigil of Binding         Hex            30%        N/A       4%          3
 Inner Flame              Hex/Fire       18%        N/A       13%         3
 Poisonous Vapours        Pois/Air       10%        N/A       22%         2
 Static Discharge         Conj/Air       10%        3-4/arc   22%         2
 Sublimation of Blood     Necr           5%         N/A       22%         2
 Ignite Poison            Fire/Tmut/Pois 5%         N/A       41%         3
 Mephitic Cloud           Conj/Pois/Air  5%         N/A       41%         3
 Vampiric Draining        Necr           5%         2d6       41%         3
 Yara's Violent Unravell  Hex/Tmut       9%         3d6       77%         5
 Airstrike                Air            2%         2d(1-17)  82%         4
 Petrify                  Tmut/Erth      5%         N/A       82%         4
 Sticky Flame             Conj/Fire      5%         2d3       82%         4
 Summon Lightning Spire   Summ/Air       5%         N/A       82%         4
 Freezing Cloud           Conj/Ice/Air   6%         6-21      90%         5
 Irradiate                Conj/Tmut      2%         3d12      99%         5
 Ignition                 Fire           2%         3d3       100%        8

Inventory:

Hand Weapons
 a - a +1 dagger (weapon)
Missiles
 b - 21 stones
Armour
 n - a +0 leather armour of fire resistance
   (You found it on level 3 of the Dungeon)
 r - the +0 helmet of Lilacs (worn) {Will++}
   (You acquired it on level 7 of the Dungeon)

   Will++:    It greatly increases your willpower.
 v - a +0 cloak (worn)
   (You took it off Crazy Yiuf on level 5 of the Dungeon)
 x - a +1 leather armour of willpower (worn)
   (You found it on level 6 of the Dungeon)
Jewellery
 p - an amulet of reflection (around neck)
   (You found it on level 3 of the Dungeon)
 A - an amulet of the acrobat
   (You found it on level 6 of the Dungeon)
 B - the ring "Wiosku" (left hand) {rPois rC- rN++ Will+}
   (You found it on level 7 of the Dungeon)

   [ring of willpower]

   rC-:       It makes you vulnerable to cold.
   rPois:     It protects you from poison rN++: It greatly protects you from
   negative energy.
   Will+:     It increases your willpower.
 I - a +6 ring of intelligence (right hand)
   (You found it on level 7 of the Dungeon)
 W - a ring of magical power
   (You found it on level 3 of the Dungeon)
Wands
 D - a wand of flame (7)
   (You found it on level 7 of the Dungeon)
Scrolls
 e - 4 scrolls of fear
 i - a scroll of blinking {!r}
 w - a scroll of poison {!r}
Potions
 c - 4 potions of invisibility
 d - a potion of brilliance {unknown}
 f - a potion of resistance
 g - 2 potions of lignification {!q}
 j - 2 potions of mutation {!q}
 k - 2 potions of might
 l - a potion of enlightenment
 o - 5 potions of curing {@q1}
 q - 4 potions of heal wounds {@q2}
 t - 3 potions of attraction {!q}
 z - a potion of cancellation
 C - a potion of degeneration {!q}

Dungeon Overview and Level Annotations

Branches:
Dungeon (8/15) Zot: 25967  Temple (1/1) D:6 Zot: 5992
   Lair: D:8-11

Altars:
Ashenzari
Cheibriados
Dithmenos
Fedhas
Gozag
Hepliaklqana
Kikubaaqudgha
Nemelex Xobeh
Okawaru
Ru
Sif Muna
Trog
Uskayaw
Wu Jian
Xom
Yredelemnul

Shops:
D:3 !   D:5 (   D:6 [ D:7

(
#...........%.....##..##......
#..###.######.#.)##....#......
#..# #...# #....#._...##.....
#..# ###)####.#..##....##.....
#..# #......#...##..###.....
####..#
###...)##.....##.')....
...#..# #....###..###..#.....
...#..# #...)z.####..###.....
...#..# #...@#..# #..# ######
##.#### #....##.###..# #.#
########<...##......# #.#
#...........####..#.# #.#
#.########### #.>..# #.# #.#
###### #.# #.# ##.###.#
#......#


You could see a wight.


Message History

You destroy the wight!
Dithmenos accepts your kill.
No target in view!
Unknown command.
No target in view!
No target in view!
A wight is nearby! 😎 MP[+1]
A wight is nearby!
A wight is nearby! 😎 MP[+1]
Your mp is fully restored (17).
Casting: Confusing Touch (dangerous; 4% risk of failure)
Confirm with . or Enter, or press ? or * to list all spells.
Your hands begin to glow red. 😎 MP[-3]
You lost 3 mp, and now have 14/17 mp.
Unknown command.
Things that are here:
a +3 war axe of freezing; a +0 robe What are your orders? t - Shout!
Orders for allies: a - Attack new target. r - Retreat! s - Stop attacking. g - Guard the area. f - Follow me.
Anything else - Cancel.
You shout for attention! 😎 MP[+1]
Your hands stop glowing.
Done exploring. 😎 MP[+2]
Your mp is fully restored (17).
Done exploring.
Done exploring.
Done exploring.
No target in view!
Things that are here:
a +3 war axe of freezing; a +0 robe
Casting: Confusing Touch (dangerous; 4% risk of failure)
Confirm with . or Enter, or press ? or * to list all spells.
Your hands begin to glow red.
The wight hits you with a +0 long sword. 😕 HP[-2] MP[-3]
You take 2 damage, and now have 71/73 hp.
You lost 3 mp, and now have 14/17 mp.
You completely miss the wight. You hit the wight but do no damage.
Your kick misses the wight.
The wight hits you with a +0 long sword.
You partially resist.
You feel drained. 😕 HP[-3]
You now have 72 max hp (-1).
You take 3 damage, and now have 68/72 hp.
You hit the wight but do no damage. You kick the wight, but do no damage.
The wight closely misses you.
You hit the wight but do no damage.
The wight appears confused.
The wight hits you with a +2 battleaxe of freezing!!
The wight freezes you!
Your blood congeals into armour. 😮 HP[-25]
You take 25 damage, and now have 43/72 hp.
MASSIVE DAMAGE!! (PAUSE)
You hit the wight but do no damage. You kick the wight.
The wight hits you with a +0 long sword.
The wight hits itself with a +0 long sword!
The wight hits you with a +2 battleaxe of freezing!
* * * LOW HITPOINT WARNING * * *
You partially resist.
You feel drained. The wight freezes you!
* * * LOW HITPOINT WARNING * * *
😨 HP[-25]
You now have 71 max hp (-1).
You take 25 damage, and now have 18/71 hp.
MASSIVE DAMAGE!! (PAUSE)
You hit the wight but do no damage. You kick the wight, but do no damage.
Unknown command.
You hit the wight but do no damage. You kick the wight.
The wight hits you with a +2 battleaxe of freezing.
* * * LOW HITPOINT WARNING * * *
The wight freezes you.
* * * LOW HITPOINT WARNING * * *
😱 HP[-6] MP[+1]
You take 6 damage, and now have 12/71 hp.
Unknown command.
You hit the wight.
You destroy the wight!
Dithmenos accepts your kill. The wight barely misses you.
Your Fighting skill increases to level 5! 😱 HP[+2]
You now have 73 max hp (+2).
You regained 2 hp, and now have 14/73 hp.
Unknown command.
Casting: Confusing Touch (dangerous; 4% risk of failure)
Confirm with . or Enter, or press ? or * to list all spells.
Your hands begin to glow red.
The wight hits you with a +2 battleaxe of freezing!
* * * LOW HITPOINT WARNING * * *
The wight freezes you.
You die...

Skill      XL: |  1  2  3  4  5  6  7  8  9 10 |
---------------+-------------------------------+-----
Short Blades   | 1 2 3 4 5 6 |  6.5
Stealth        | 3 4 5 6 7 |  7.7
Fighting       | 1 2 3 4 5 |  5.0
Ice Magic      | 1 2 3 4 5 |  5.0
Spellcasting   | 3 4 |  4.9
Hexes          | 4 5 |  5.7
Armour         | 2 |  2.6
Dodging        | |  1.7

Action                     |  1- 3 |  4- 6 |  7- 9 | 10-12 || total
---------------------------+-------+-------+-------+-------++-------
  Melee: Dagger            |   109 |   138 |   289 |    32 ||   568
         Punch             |     1 |     3 |     3 |       ||     7
         Kick              |       |    29 |    77 |    11 ||   117
   Cast: Ensorcelled Hiber |     6 |    15 |    51 |     7 ||    79
         Confusing Touch   |       |     3 |     8 |     5 ||    16
    Use: Scroll            |     5 |     8 |     5 |       ||    18
   Stab: Sleeping          |     9 |    10 |    47 |     6 ||    72
         Confused          |       |     2 |     9 |     2 ||    13
 Armour: Robe              |    76 |    86 |    50 |       ||   212
         Leather armour    |       |       |   166 |    22 ||   188
  Dodge: Dodged            |    63 |    84 |   119 |    18 ||   284
  Block: Other             |       |    15 |    55 |     6 ||    76
         Reflection        |       |       |     2 |       ||     2

Levels and vault maps discovered:
D:1:      wheals_arrival_linesprint, layout_loops_ring, serial_forest,
          infiniplex_forest_zigzag_1, infiniplex_forest_straight_4,
          infiniplex_forest_end_3, infiniplex_forest_straight_2,
          infiniplex_forest_corner_2, infiniplex_forest_lined_2,
          infiniplex_forest_end_3, basic_ecumenical_altar
D:2:      layout_loops_corners
D:3:      layout_rooms, mainiacjoe_overflow_concentric_impassable, serial_shops,
          shop, minmay_misc_feat_nine_boxes, nicolae_titane
D:4:      minmay_skewed_foursquare, layout_basic, lemuel_crystal_altar,
          nicolae_uskayaw_dance_hall
D:5:      layout_loops_ring, nicolae_gozag_cash_rules_everything_around_me,
          serial_shops, nicolae_lakefront_shop, uniq_prince_ribbit1,
          uniq_crazy_yiuf_cottage
D:6:      layout_basic, nzn_wu_jian_contemplation, nicolae_tso_besieged_by_evil,
          mainiacjoe_overflow_brackets, minmay_temple_entry_fiery, serial_shops,
          shop_coins, minmay_hedge_maze
D:7:      layout_loops_cross, serial_shops, shop, grunt_ministairs_10,
          minivault_26, minmay_fire_ice_demons, uniq_pikel, uniq_menkaure
D:8:      layout_basic, nicolae_ru_path_of_blood,
          nicolae_dithmenos_through_a_glass_darkly, uniq_grum
Temple:   nicolae_temple_ecumenical_triangle

Notes
Turn   | Place    | Note
-------+----------+-------------------------------------------
     0 | D:1      | kae the Demonspawn Enchanter began the quest for the Orb.
     0 | D:1      | Reached XP level 1. HP: 13/13 MP: 3/3
     0 | D:1      | magus.rc [v1.11.3]
   140 | D:1      | Reached skill level 1 in Short Blades
   358 | D:1      | Gained mutation: When seriously injured, your blood forms
                  | armour. (AC +6) [demonic ancestry]
   358 | D:1      | Reached XP level 2. HP: 14/20 MP: 5/5
   369 | D:1      | Learned a level 2 spell: Ensorcelled Hibernation
   635 | D:1      | Found a faded altar of an unknown god.
  1213 | D:2      | Reached skill level 3 in Stealth
  1374 | D:2      | You pick up a book of Alchemy and begin reading...
  1374 | D:2      | You add the spells Sublimation of Blood, Petrify and
                  | Irradiate to your library.
  1437 | D:2      | Identified the +5 short sword "Impbane" {drain, rElec rF-
                  | Str+4}
  1986 | D:2      | Gained mutation: You regenerate a little health from kills.
                  | [demonic ancestry]
  1986 | D:2      | Reached XP level 3. HP: 18/25 MP: 1/6
  2037 | D:2      | Learned a level 3 spell: Confusing Touch
  2147 | D:2      | Reached skill level 1 in Fighting
  2269 | D:3      | Reached XP level 4. HP: 27/32 MP: 0/7
  2400 | D:3      | Found Oxkid's Distillery.
  2427 | D:3      | Reached skill level 2 in Short Blades
  2461 | D:3      | Bought a potion of curing for 39 gold pieces
  2489 | D:3      | You pick up a book of Storms and begin reading...
  2489 | D:3      | You add the spells Static Discharge, Airstrike and Summon
                  | Lightning Spire to your library.
  2610 | D:3      | Found a shimmering blue altar of Sif Muna.
  2913 | D:4      | Found a hide-covered altar of Uskayaw.
  3135 | D:4      | Identified a scroll of acquirement
  3135 | D:4      | Acquired 1150 gold pieces
  3149 | D:4      | Noticed a phantom
  3196 | D:4      | Killed a phantom
  3197 | D:4      | Reached skill level 1 in Ice Magic
  3197 | D:4      | Gained mutation: You have large cloven feet. [demonic
                  | ancestry]
  3197 | D:4      | Reached XP level 5. HP: 23/37 MP: 8/8
  3518 | D:4      | Reached skill level 4 in Stealth
  3685 | D:4      | Gained mutation: You regenerate health from kills. [demonic
                  | ancestry]
  3685 | D:4      | Reached XP level 6. HP: 21/44 MP: 10/10
  4145 | D:4      | Learned a level 3 spell: Tukima's Dance
  4188 | D:5      | Entered Level 5 of the Dungeon
  4241 | D:5      | Reached skill level 2 in Fighting
  4252 | D:5      | Reached skill level 3 in Short Blades
  4252 | D:5      | Reached skill level 2 in Ice Magic
  4354 | D:5      | Reached skill level 3 in Spellcasting
  4354 | D:5      | Gained mutation: You regenerate a lot of health from kills.
                  | [demonic ancestry]
  4354 | D:5      | Reached XP level 7. HP: 23/50 MP: 11/11
  4454 | D:5      | Reached skill level 4 in Hexes
  4495 | D:5      | You pick up a book of Vapours and begin reading...
  4495 | D:5      | You add the spells Poisonous Vapours, Mephitic Cloud and
                  | Freezing Cloud to your library.
  4653 | D:5      | Reached skill level 3 in Ice Magic
  4729 | D:5      | Reached skill level 5 in Stealth
  4885 | D:5      | Found a runed translucent door.
  4886 | D:5      | Noticed Crazy Yiuf
  4972 | D:5      | Found an opulent altar of Gozag.
  5080 | D:5      | Found Egiul's Antique Weapon Shop.
  5081 | D:5      | Noticed Prince Ribbit
  5209 | D:5      | Killed Prince Ribbit
  5210 | D:5      | Reached skill level 3 in Fighting
  5210 | D:5      | Reached skill level 4 in Short Blades
  5210 | D:5      | Gained mutation: You have hoof-like feet. [demonic
                  | ancestry]
  5210 | D:5      | Reached XP level 8. HP: 58/58 MP: 13/13
  5304 | D:5      | Killed Crazy Yiuf
  5363 | D:6      | Found Jaivos's Antique Armour Boutique.
  5448 | D:6      | Found an ornate altar of the Wu Jian Council.
  5621 | D:6      | You pick up a book of Alchemy and begin reading...
  5655 | D:6      | Reached skill level 4 in Ice Magic
  5711 | D:6      | Reached skill level 6 in Stealth
  5863 | D:6      | You add the spells Ignite Poison, Sticky Flame and Ignition
                  | to your library.
  5885 | D:6      | Reached skill level 5 in Short Blades
  5885 | D:6      | Reached skill level 4 in Spellcasting
  6120 | D:6      | Reached XP level 9. HP: 44/65 MP: 15/15
  6180 | D:6      | Found a shimmering altar of Xom.
  6211 | D:6      | Found a staircase to the Ecumenical Temple.
  6217 | Temple   | Entered the Ecumenical Temple
  6424 | D:6      | Learned a level 3 spell: Dazzling Flash
  6521 | D:7      | Reached skill level 4 in Fighting
  6521 | D:7      | Reached skill level 5 in Hexes
  6570 | D:7      | Found Ujacvim's Antique Weapon Emporium.
  6578 | D:7      | Reached skill level 1 in Armour
  6749 | D:7      | Reached skill level 5 in Ice Magic
  6758 | D:7      | Noticed Pikel
  6763 | D:7      | Killed Pikel
  6764 | D:7      | Reached skill level 2 in Armour
  6764 | D:7      | Reached skill level 7 in Stealth
  6822 | D:7      | You pick up a book of Debilitation and begin reading...
  6822 | D:7      | You add the spells Slow, Sigil of Binding and Vampiric
                  | Draining to your library.
  6963 | D:7      | Identified the ring "Wiosku" {rPois rC- rN++ Will+}
  6994 | D:7      | Noticed Menkaure
  7013 | D:7      | HP: 13/66 [Menkaure (17)]
  7016 | D:7      | Killed Menkaure
  7017 | D:7      | Reached skill level 6 in Short Blades
  7866 | D:7      | Acquired the +0 helmet of Lilacs {Will++}
  8099 | D:8      | Noticed Grum
  8106 | D:7      | Reached XP level 10. HP: 48/73 MP: 14/17
  8228 | D:8      | Killed Grum
  8243 | D:8      | You pick up a book of Misfortune and begin reading...
  8243 | D:8      | You add the spells Inner Flame, Yara's Violent Unravelling
                  | and Enfeeble to your library.
  8345 | D:8      | Found a sacrificial altar of Ru.
  8557 | D:8      | Found a shadowy altar of Dithmenos.
  8627 | D:8      | Became a worshipper of Dithmenos the Shadowed
  8636 | D:8      | Learned a level 7 spell: Enfeeble
  8961 | D:8      | HP: 13/71 [wight/+2 battleaxe of freezing (6)]
  8963 | D:8      | Reached skill level 5 in Fighting
  8963 | D:8      | HP: 6/73 [wight/+2 battleaxe of freezing (11)]
  8963 | D:8      | Slain by a wight

Vanquished Creatures
  Pikel (D:7)
  A hornet (D:7)
  Prince Ribbit (D:5)
  A wyvern (D:6)
  Grum (D:8)
  A steam dragon (D:7)
  Menkaure (D:7)
  A water moccasin (D:6)
  A sky beast (D:7)
  An ice beast (D:4)
  A black bear (D:5)
  2 ogres
  3 wolves (D:7)
  5 centaurs
  3 phantoms
  7 bullfrogs
  A gnoll sergeant (D:7)
  2 scorpions
  3 wights (D:8)
  2 howler monkeys
  2 crimson imps
  5 hounds
  An orc priest (D:6)
  A jelly (D:5)
  Crazy Yiuf (D:5)
  A sleepcap (D:4)
  4 iguanas
  7 orc wizards
  4 adders
  8 gnolls
  2 white imps
  2 ufetubi (D:5)
  3 dart slugs
  17 orcs
  4 ball pythons
  3 endoplasms
  A giant cockroach (D:4)
  2 goblins
  2 hobgoblins
  2 quokkas
  7 bats
  4 frilled lizards
  2 goblin skeletons (D:6)
  4 hobgoblin zombies (D:6)
  5 kobolds (D:1)
  3 kobold skeletons (D:6)
  2 kobold zombies (D:6)
  7 rats
145 creatures vanquished.

Table legend:
 A = Non-vault XP
 B = Vault XP
 C = Vault XP percentage of total XP
 D = Non-vault monster count
 E = Vault monster count
 F = Vault count percentage of total count
                 A         B        C        D         E       F
            +---------+---------+-------+---------+---------+-------
      Total |    4259 |    2168 |  33.7 |     115 |      30 |  20.7
            +---------+---------+-------+---------+---------+-------
        D:1 |      16 |       0 |   0.0 |      14 |       0 |   0.0
        D:2 |      38 |       0 |   0.0 |      14 |       0 |   0.0
        D:3 |      56 |       0 |   0.0 |      11 |       0 |   0.0
        D:4 |     291 |     140 |  32.5 |       7 |       6 |  46.2
        D:5 |     766 |     316 |  29.2 |      16 |       2 |  11.1
        D:6 |    1258 |      61 |   4.6 |      26 |      12 |  31.6
        D:7 |    1412 |    1450 |  50.7 |      20 |       9 |  31.0
        D:8 |     422 |     201 |  32.3 |       7 |       1 |  12.5
            +---------+---------+-------+---------+---------+-------

Skill      XL: |  1  2  3  4  5  6  7  8  9 10 |
---------------+-------------------------------+-----
Short Blades   | 1 2 3 4 5 6 |  6.5
Stealth        | 3 4 5 6 7 |  7.7
Fighting       | 1 2 3 4 5 |  5.0
Ice Magic      | 1 2 3 4 5 |  5.0
Spellcasting   | 3 4 |  4.9
Hexes          | 4 5 |  5.7
Armour         | 2 |  2.6
Dodging        | |  1.7

Action                     |  1- 3 |  4- 6 |  7- 9 | 10-12 || total
---------------------------+-------+-------+-------+-------++-------
  Melee: Dagger            |   109 |   138 |   289 |    32 ||   568
         Punch             |     1 |     3 |     3 |       ||     7
         Kick              |       |    29 |    77 |    11 ||   117
   Cast: Ensorcelled Hiber |     6 |    15 |    51 |     7 ||    79
         Confusing Touch   |       |     3 |     8 |     5 ||    16
    Use: Scroll            |     5 |     8 |     5 |       ||    18
   Stab: Sleeping          |     9 |    10 |    47 |     6 ||    72
         Confused          |       |     2 |     9 |     2 ||    13
 Armour: Robe              |    76 |    86 |    50 |       ||   212
         Leather armour    |       |       |   166 |    22 ||   188
  Dodge: Dodged            |    63 |    84 |   119 |    18 ||   284
  Block: Other             |       |    15 |    55 |     6 ||    76
         Reflection        |       |       |     2 |       ||     2

Illustrated notes

Table legend:
 A = Kills in this place as a percentage of kills in the entire game.
 B = Kills by you in this place as a percentage of kills by you in the entire game.
 C = Kills by friends in this place as a percentage of kills by friends in the entire game.
 D = Other kills in this place as a percentage of other kills in the entire game.
 E = Experience gained in this place as a percentage of experience gained in the entire game.
 F = Experience gained in this place divided by the number of levels of this place that you have seen.
                   A       B       C       D       E      F
               +-------+-------+-------+-------+-------+----------------------
         Total | 100.0 | 100.0 |   N/A |   N/A | 100.0 | 714.1
       Dungeon | 100.0 | 100.0 |   N/A |   N/A | 100.0 | 803.4
               +-------+-------+-------+-------+-------+----------------------

Table legend: (Time is in decaauts)
 A = Elapsed time spent in this place.
 B = Non-inter-level travel time spent in this place.
 C = Inter-level travel time spent in this place.
 D = Time resting spent in this place.
 E = Time spent auto-exploring this place.
 F = Levels seen in this place.
 G = Mean time per level.
                   A        B        C        D        E       F      G
               +--------+--------+--------+--------+--------+-----+--------+
         Total |   8859 |   8560 |    299 |    717 |   6425 |   9 |  984.3 |
       Dungeon |   8851 |   8554 |    297 |    717 |   6425 |   8 | 1106.4 |
        Temple |      7 |      6 |      1 |      0 |      0 |   1 |    7.0 |
               +--------+--------+--------+--------+--------+-----+--------+

Top non-repeatable levels by time:
     D:7: 1552 daAuts
     D:4: 1299 daAuts
     D:6: 1175 daAuts
     D:5: 1121 daAuts
     D:2: 1111 daAuts
     D:1: 1053 daAuts
     D:8: 801 daAuts
     D:3: 735 daAuts
  Temple: 7 daAuts
